← All builds
Pond / Cortex / Economy first / OBSERVED BUILD

Fatboy buy

Cortex Pond build order · Supreme Isthmus

Pond pays Tech heavily from before 5 minutes to get a Fatboy handed over around 5:12 and flown to front by heavy transport, fighting in the middle while Pond's own eco continues behind it.

#push #team support · 147 distinct matches · 42 players · 20% of Cortex Pond games · team won 53% of 147 · Recently observed

THE CATCH, AND WHAT COMES WITH IT
  • FatboyFatboy from Tech arrives 5:10 · 18% of role by thenTech makes it and hands it over.
  • HephaestusHeavy transport from an ally in 77%14% of all Pond games by then

Paid for by sending allies about 1,100 metal and 13,000 energy by 5:00; standard pond sends 110 metal and 10,000 energy.

Where those units first fight, in 141 games with kill data: in the middle 89%, on their own side 11%.

Those units destroy a typical 2,570 metal of enemy units by 15:00.

Then transitions into grunt (28% of army), tick (9% of army).

HOW TO PLAY IT

Key timing: Fatboy handed over by 5:10

  1. Drop tidals, mex and a bot lab while boosting wind for front.
  2. Send Tech heavy metal and energy to fund the Fatboy buy.
  3. Take the Heavy Plasma Bot 'Fatboy' handed over by Tech.
  4. Fly the Fatboy to the middle to push alongside front.
  5. Keep bot lab output of Grunt and Tick going as the real transition.

Phase by phase

TYPICAL OF ITS 147 GAMES · AGAINST STANDARD POND
  1. 1
  2. 2
PLAY THE OPENING

Follow the example game's first 6:10 step by step: what to build now, what comes next, and where it goes. At 1× it keeps pace with your own game.

  1. 1

    Up to the Bot Lab

    Economy
    • Metal Extractor4Mex
    • Tidal Generator8Tidalfor allies
    • Wind Turbine8Wind
    • Tidal Generator1Tidal
    • Energy Storage1Energy storage
    Order
    1. Bot LabBot Lab after 4 mex, 9 wind, 4 converterdone ~5:58, middle half 3:38–6:56

    Some games also: converter (45%)

    By 5:36 in all: 4 mex · 8 wind · 1 tidal · 1 energy storage

    The example game in this phase · 14 steps
    1. Tidal ×8for Suicide front
    2. Tidal ×2
    3. Mex ×3
    4. Wind ×4
    5. Energy storage
    6. Mex
    7. Wind ×6
    8. Converter ×4
    9. Wind ×4
    10. ValiantValiant
    11. Wind ×3
    12. ValiantValiantfor Air
    13. Wind
    14. Vehicle PlantVehicle Plantdone 6:04
  2. 2

    Bot Lab to 10:00

    Some games also: wind (46%) · con turret (39%) · grunt (37%) · con bot (37%)

    The standard build makes here, this one skips: 14 wind · 2 converter

    By 10:00 in all: 4 mex · 15 wind (standard 24) · 1 tidal · 3 converter (standard 6) · 1 energy storage

    The example game in this phase · 79 steps
    1. RascalRascal ×11
    2. Construction VehicleCon vehicle
    3. RascalRascal ×2
    4. MuskratMuskrat ×2
    5. RascalRascal ×18
    6. Naval Construction Turret
    7. RascalRascal ×15
    8. Naval Energy Converter
    9. RascalRascal ×2
    10. Con turret
    11. RascalRascal
    12. Naval Energy Converter
    13. RascalRascal ×2
    14. Naval Energy Converter
    15. RascalRascal ×3
    16. Naval Energy Converter
    17. RascalRascal ×2
    18. Naval Energy Converter
    19. RascalRascal ×2
    20. Naval Energy Converter
    21. RascalRascal ×3
    22. Naval Energy Converter
    23. RascalRascal ×3
    24. Naval Energy Converter
    25. RascalRascal ×3
    26. Naval Energy Converter
    27. RascalRascal ×3
    28. Naval Energy Converter
    29. RascalRascal ×4
    30. Naval Energy Converter
    31. RascalRascal ×3
    32. Naval Energy Converter
    33. RascalRascal ×3
    34. Naval Energy Converter
    35. RascalRascal ×3
    36. Naval Energy Converter
    37. RascalRascal ×3
    38. Construction VehicleCon vehicle
    39. Naval Energy Converter
    40. Construction VehicleCon vehicle
    41. Naval Energy Converter
    42. Construction VehicleCon vehicle
    43. Naval Energy Converter
    44. Advanced Metal ExtractorT2 mexdone 13:39 · typical 10:05
    45. Naval Energy Converter
    46. ThistleThistle
    47. RascalRascal
    48. Naval Energy Converter
    49. ThistleThistle
    50. RascalRascal ×2
    51. Naval Energy Converter
    52. Mex
    53. Naval Energy Converter
    54. RascalRascal
    55. Naval Energy Converter
    56. Wind ×2
    57. Naval Energy Converter
    58. RascalRascal
    59. Wind
    60. RascalRascal
    61. Wind
    62. RascalRascal
    63. Advanced Metal ExtractorT2 mex
    64. Wind
    65. RascalRascal
    66. Naval Energy Converter
    67. RascalRascal
    68. Wind
    69. RascalRascal ×2
    70. Wind
    71. Naval Construction Turret
    72. RascalRascal
    73. Wind
    74. RascalRascal ×2
    75. Wind
    76. RascalRascal
    77. Wind
    78. RascalRascal ×2
    79. Wind

Counts are medians over the build's games: half of them build more, half fewer. The example game is [A7O]SuperTetra's (32 OS, 30/08/2026); pick another.

Team trades

IN AT LEAST 30% OF ITS GAMES

You hand over

  • Tidal Generator8 Tidal to Suicide front or Frontfirst at 0:11 · in 99% of games

You get

  • Hephaestus1 Heavy transport from Air or Techfirst at 4:50 · in 77% of games
  • Fatboy1 Fatboy from Techfirst at 5:10 · in 100% of games
  • Advanced Construction Bot1 T2 con bot from Techfirst at 8:13 · in 94% of games

How it plays out

Typical game of this build against the role’s standard build, running totals by minute

  • This build
  • Standard pond

Metal produced

010k20k
0:005:0010:0015:00

metal

Enemy metal destroyed

02k4k6k
0:005:0010:0015:00

metal

Own metal lost

02k4k
0:005:0010:0015:00

metal

Metal sent to allies

01k2k
0:005:0010:0015:00

metal

Energy sent to allies

020k40k60k
0:005:0010:0015:00

metal

147 games.

Show as table
ByMetal produced: This buildMetal produced: Standard pondEnemy metal destroyed: This buildEnemy metal destroyed: Standard pondOwn metal lost: This buildOwn metal lost: Standard pondMetal sent to allies: This buildMetal sent to allies: Standard pondEnergy sent to allies: This buildEnergy sent to allies: Standard pond
1:001151150000001089995
2:0027325900000027692365
3:0081573700000047664436
4:00149514090000440073616554
5:0022432130000010991131345710268
6:0030132949000014144031857611852
7:003856382921000015294452199614303
8:00465248741065541298616224532332817340
9:0054696257201422049218916804682561721198
10:0064217661286135094164016984682780622906
11:00755898593115766145383617094682877325778
12:00900412092358411961896107517364822959527224
13:001051814534452915782405166117594823026932595
14:001247016881490818143032199518395323240637744
15:001464519361539626323375296419055483431541136
WHAT THE NUMBERS SAY

Won more often than the standard build and destroyed more enemy metal by 15:00 despite producing less metal itself.

  • + Destroyed 5282 enemy metal by 15:00 vs 3127 for the standard build.
  • + Fatboy and heavy transports line up: 79% of games get a Hephaestus by 4:39.
  • − Own metal lost by 15:00 rose to 3713 vs 3070 standard.
  • − Metal produced lagged badly at 10:00 and 15:00 (6422/14880 vs 8366/19066).
THE EXAMPLE YOU ARE READING

[A7O]SuperTetra

31.6 OS · 30/08/2026

Open source match ↗

6 received units · includes a constructor
29 metal received · 39289 energy received

Allied construction assistance is unknown. Timings are observations, not a promise of solo reproducibility.

Typical milestones

Bot Lab5:58Middle 50%: 3:38–6:56 · n=80
Advanced Metal Extractor10:05Middle 50%: 9:18–10:49 · n=138

Played most by

[Grump]Matsuri24games of this buildFrontLiner69er13games of this buildzeus_on_god11games of this buildDouglasBacon10games of this buildMischievousDragonGF8games of this build

Supporting games

Pick a game to read and play it above.

[Grump]Matsuri13/10/2026 · 40 OS↗Vaticineur13/10/2026 · 33 OS↗Vaticineur13/10/2026 · 32 OS↗[Grump]Matsuri13/10/2026 · 39 OS↗SauceDispenser13/10/2026 · 35 OS↗[Grump]Matsuri13/10/2026 · 39 OS↗SHOGVN12/10/2026 · 35 OS↗JesterB12/10/2026 · 31 OS↗[A7O]SuperTetra30/08/2026 · 32 OS↗
32 more of 139, the most recent[Grump]Matsuri12/10/2026 · 39 OS↗FrontLiner69er11/10/2026 · 33 OS↗SHOGVN10/10/2026 · 33 OS↗GazzGrim10/10/2026 · 32 OS↗[Grump]Matsuri10/10/2026 · 39 OS↗FrontLiner69er09/10/2026 · 33 OS↗[Grump]Matsuri09/10/2026 · 38 OS↗SHOGVN08/10/2026 · 34 OS↗[Grump]Matsuri08/10/2026 · 38 OS↗zeus_on_god07/10/2026 · 39 OS↗JustSomeGuy06/10/2026 · 41 OS↗JustSomeGuy06/10/2026 · 41 OS↗FrontLiner69er06/10/2026 · 32 OS↗SHOGVN06/10/2026 · 33 OS↗[Grump]Matsuri05/10/2026 · 38 OS↗s0uthy05/10/2026 · 39 OS↗zeus_on_god04/10/2026 · 38 OS↗FrontLiner69er04/10/2026 · 33 OS↗zeus_on_god04/10/2026 · 38 OS↗[Crd]HahnII03/10/2026 · 31 OS↗[Crd]HahnII03/10/2026 · 31 OS↗zeus_on_god02/10/2026 · 38 OS↗s0uthy02/10/2026 · 38 OS↗zeus_on_god02/10/2026 · 38 OS↗[Grump]Matsuri02/10/2026 · 40 OS↗enderOS101/10/2026 · 34 OS↗Boozha29/09/2026 · 33 OS↗enderOS129/09/2026 · 34 OS↗FrontLiner69er29/09/2026 · 32 OS↗FrontLiner69er29/09/2026 · 32 OS↗FrontLiner69er29/09/2026 · 32 OS↗enderOS128/09/2026 · 33 OS↗
Supreme Isthmus v2.1
Beyond All Reason test-31115-21dbf79
Naval balance tweaks on